 Dungeon Crawl Stone Soup version 0.31-a0-1096-g246cf0196b (webtiles) character file.

Game seed: 13895762335933198518

287 Dirtsage the Changeling (level 6, -4/42 HPs)
             Began as an Octopode Shapeshifter on Nov 29, 2023.
             Slain by an ogre
             ... wielding a +0 giant club
              (13 damage)
             ... on level 4 of the Dungeon.
             The game lasted 00:03:33 (2617 turns).

Dirtsage the Changeling (Octopode Shapeshifter)     Turns: 2617, Time: 00:03:34

Health: -4/42      AC:  1    Str: 14    XL:     6   Next: 30%
Magic:  6/6        EV: 13    Int: 12    God:
Gold:   102        SH:  0    Dex: 13    Spells: 5/5 levels left

rFire   . .          .
                       - Unarmed
rCold   . . .        (no shield)
rNeg    . . .        (helmet currently unavailable)
rPois   .            (no amulet)
rElec   .            (no ring)
rCorr   .            (no ring)
SInv    .            (no ring)
Will    .....        (no ring)
Stlth   ++           (no ring)
HPRegen 0.27/turn    (no ring)
MPRegen 0.10/turn    (no ring)
                     (no ring)

%: no passive effects
@: beast-form
A: beast (slay +2), almost no armour, amphibious, 8 rings, camouflage 1,
gelatinous body 1, (nimble swimmer 1), tentacles
a: Begin Untransformation


You were on level 4 of the Dungeon.
You were a hulking beast.
You visited 1 branch of the dungeon, and saw 4 of its levels.

You collected 153 gold pieces.
You spent 51 gold pieces at shops.

Inventory:

Magical Staves
 e - a staff of cold
Talismans
 b - a beast talisman
 c - a flux talisman
Wands
 m - a wand of mindburst (10)
Scrolls
 d - a scroll of identify {unknown}
 g - a scroll of enchant weapon {unknown}
 h - a scroll of blinking {unknown}
 j - 3 scrolls of amnesia {unknown}
 l - 3 scrolls of teleportation {unknown}
 p - a scroll of fog {unknown}
 q - 2 scrolls of poison {unknown}
 r - a scroll of enchant armour {unknown}
 s - a scroll of revelation {unknown}
Potions
 a - 2 potions of lignification
 f - 4 potions of curing {unknown}
 i - a potion of heal wounds {unknown}
 k - a potion of haste {unknown}
 n - 2 potions of might {unknown}
 o - 2 potions of mutation {unknown}


   Skills:
 + Level 3.0 Fighting
 - Level 2.0 Dodging
 + Level 4.2 Unarmed Combat
 * Level 5.0 Shapeshifting


You had 5 spell levels left.
You didn't know any spells.
Your spell library contained the following spells:

 Spells                   Type           Power      Damage    Failure   Level
 Blink                    Tloc           0%         N/A       45%         2
 Lesser Beckoning         Tloc           0%         N/A       45%         2
 Momentum Strike          Conj/Tloc      0%         3d8       45%         2
 Dazzling Flash           Conj/Hex       0%         N/A       69%         3
 Agony                    Necr           0%         N/A       100%        5
 Silence                  Hex/Air        0%         N/A       100%        5


Dungeon Overview and Level Annotations

Branches:
Dungeon (4/15)
 Temple: D:4-7

Altars:
Uskayaw

Shops:
D:3 *

Annotations:
D:3 2 transporters


Innate Abilities, Weirdness & Mutations

You are a hulking beast.
Your limbs bulge with bestial killing power. (Slay +2)
You cannot wear most types of armour.
You are amphibious.
You can wear up to eight rings at the same time.
Your skin changes colour to match your surroundings (Stealth+).
Your rubbery body absorbs attacks. (AC +1, EV +1)
((You are camouflaged when in or above water. (Stealth+)))
You have tentacles for arms and can constrict up to eight enemies at once.


Message History

You tentacle-slap the kobold.
You kill the kobold!
No target in view!
Okay, then.
Things that are here:
a +0 short sword; 5 stones; a kobold corpse You open the door.
There is an open door here.
Menkaure, Prince of Dust comes into view.
An ogre comes into view. It is wielding a +0 giant club.
The helpless Menkaure fails to defend himself.
You tentacle-slap Menkaure. Your grab misses Menkaure. You squeeze Menkaure!
Menkaure is heavily damaged.
Menkaure closely misses you.
You barely miss Menkaure. You grab Menkaure. Your squeeze misses Menkaure.
Menkaure is heavily damaged.
You constrict Menkaure, but do no damage.
Menkaure closely misses you.
You tentacle-slap Menkaure. You squeeze Menkaure, but do no damage.
Menkaure is severely damaged.
You constrict Menkaure. You tentacle-slap Menkaure.
Menkaure is almost destroyed.
You constrict Menkaure.
You destroy Menkaure!
Your Fighting skill increases to level 3!
Your Unarmed Combat skill increases to level 4!
Your Shapeshifting skill increases to level 5!
You have reached level 6!
Health restored: 42; MP restored: 6 You completely miss the ogre.
You squeeze the ogre!
The ogre is moderately wounded.
The ogre hits you with a +0 giant club!!
Ouch! That really hurt!
* * * LOW HITPOINT WARNING * * *
You take 33 damage, and have 9/42 hp.
MASSIVE DAMAGE!!
You tentacle-slap the ogre.
The ogre is heavily wounded.
The ogre hits you with a +0 giant club!
You die...

.# ##+## ### #.#
##...## #.. ... #
##.....## #.##.# #
##.......###.#.#
###.........##..#
..'.........'..##
###..)......##..## #
##.......###.#h# #
##.....## #...O....#
#
##...#########.####
# #.........# .# #
#.......#.# # #
#..####.#.#
######..####†#.#
...........#.#.###.#
.####........<.....#


You could see an ogre.

Vanquished Creatures
  Menkaure (D:4)
  A scorpion (D:3)
  5 adders
  2 worms (D:2)
  A dart slug (D:2)
  2 endoplasms
  A giant cockroach (D:1)
  5 goblins
  12 hobgoblins
  4 jackals (D:1)
  6 kobolds
  5 quokkas
  A ball python (D:2)
  6 bats
  A frilled lizard (D:2)
  5 rats
58 creatures vanquished.

Notes
Turn   | Place    | Note
-------+----------+-------------------------------------------
     0 | D:1      | Dirtsage the Octopode Shapeshifter began the quest for the
                  | Orb.
     0 | D:1      | Reached XP level 1. HP: 13/13 MP: 1/1
   176 | D:1      | Reached XP level 2. HP: 18/18 MP: 2/2
  1130 | D:2      | Reached XP level 3. HP: 23/23 MP: 3/3
  1356 | D:2      | Reached XP level 4. HP: 29/29 MP: 4/4
  1590 | D:2      | Reached skill level 4 in Shapeshifting
  1902 | D:3      | Noticed a scorpion
  1915 | D:3      | Killed a scorpion
  1916 | D:3      | Reached XP level 5. HP: 25/35 MP: 5/5
  1976 | D:3      | Found Iptunash's Assorted Antiques.
  2070 | D:3      | Found a transporter.
  2096 | D:3      | Found a hide-covered altar of Uskayaw.
  2205 | D:3      | Found a transporter.
  2243 | D:3      | Bought a scroll labelled YDDUST QIMED for 17 gold pieces
  2243 | D:3      | Bought a scroll labelled VIACOFY XEIGHO for 17 gold pieces
  2243 | D:3      | Bought a scroll labelled ANES VERUDD for 17 gold pieces
  2609 | D:4      | Noticed Menkaure
  2611 | D:4      | Noticed an ogre
  2615 | D:4      | Killed Menkaure
  2616 | D:4      | Reached skill level 5 in Shapeshifting
  2616 | D:4      | Reached XP level 6. HP: 42/42 MP: 6/6
  2617 | D:4      | Slain by an ogre

Illustrated notes

Levels and vault maps discovered:
D:1:      roderic_octagonal_star, layout_basic, chequers_big_river
D:2:      layout_basic, serial_bayou_pond_d, chequers_serial_rivers_micro_e,
          minmay_hedge_maze
D:3:      gammafunk_wand_slinger, layout_loops_ring, nicolae_uskayaw_dance_hall,
          serial_shops, shop
D:4:      minmay_evil_eye, layout_loops_corners, uniq_menkaure

Skill      XL: |  1  2  3  4  5 |
---------------+----------------+-----
Fighting       | 2 3 |  3.0
Shapeshifting  | 4 5 |  5.0
Unarmed Combat | 4 |  4.2
Dodging        | |  2.0

Action                     |  1- 3 |  4- 6 || total
---------------------------+-------+-------++-------
  Melee: Unarmed           |    66 |    58 ||   124
         Constrict         |    21 |    15 ||    36
         Tentacles         |    17 |    14 ||    31
         Punch             |       |     1 ||     1
  Evoke: Wand              |       |     3 ||     3
   Stab: Sleeping          |     8 |     6 ||    14
 Armour: Skin              |    25 |    32 ||    57
  Dodge: Dodged            |    28 |    26 ||    54

Table legend: (Time is in decaauts)
 A = Elapsed time spent in this place.
 B = Non-inter-level travel time spent in this place.
 C = Inter-level travel time spent in this place.
 D = Time resting spent in this place.
 E = Time spent auto-exploring this place.
 F = Levels seen in this place.
 G = Mean time per level.
                   A        B        C        D        E       F      G
               +--------+--------+--------+--------+--------+-----+--------+
         Total |   2607 |   2549 |     58 |      0 |   2188 |   4 |  651.8 |
       Dungeon |   2607 |   2549 |     58 |      0 |   2188 |   4 |  651.8 |
               +--------+--------+--------+--------+--------+-----+--------+

Top non-repeatable levels by time:
     D:1: 1070 daAuts
     D:2: 773 daAuts
     D:3: 604 daAuts
     D:4: 159 daAuts
